Workbook

Sheet Trip Costs
A1: Australian Road Trip Fuel Cost Calculator
A2: Enter or update trip details in pale yellow cells. Calculated fields update automatically.
A3: Leg | B3: Date | C3: Driver | D3: Origin | E3: Destination | F3: State/Territory | G3: Distance (km) | H3: Vehicle | I3: Fuel Type | J3: Fuel Efficiency (L/100 km) | K3: Fuel Price ($/L) | L3: Estimated Litres | M3: Fuel Cost (AUD) | N3: Tolls (AUD) | O3: Parking/Other (AUD) | P3: Total Leg Cost (AUD) | Q3: Cost per km (AUD) | R3: GST Component (AUD) | S3: Budget Status
A4: Leg 1 | B4: 46122 | C4: Jack | D4: Sydney | E4: Canberra | F4: Australian Capital Territory | G4: 286 | H4: Toyota RAV4 | I4: Petrol | J4: =IF(H4="","",IFERROR(VLOOKUP(H4,'Instructions'!$H$4:$I$7,2,FALSE),"")) | K4: 2.08 | L4: =IF(A4="","",IFERROR(G4*J4/100,0)) | M4: =IF(A4="","",IFERROR(L4*K4,0)) | N4: 18.4 | O4: 14 | P4: =IF(A4="","",SUM(M4:O4)) | Q4: =IF(A4="","",IFERROR(P4/G4,0)) | R4: =IF(A4="","",IFERROR(P4*'Summary'!$B$5/(1+'Summary'!$B$5),0)) | S4: =IF(A4="","",IF(P4<='Summary'!$B$4,"Within budget","Over budget"))
A5: Leg 2 | B5: 46123 | C5: Olivia | D5: Canberra | E5: Melbourne | F5: Victoria | G5: 663 | H5: Mazda CX-5 | I5: Diesel | J5: =IF(H5="","",IFERROR(VLOOKUP(H5,'Instructions'!$H$4:$I$7,2,FALSE),"")) | K5: 1.92 | L5: =IF(A5="","",IFERROR(G5*J5/100,0)) | M5: =IF(A5="","",IFERROR(L5*K5,0)) | N5: 0 | O5: 20 | P5: =IF(A5="","",SUM(M5:O5)) | Q5: =IF(A5="","",IFERROR(P5/G5,0)) | R5: =IF(A5="","",IFERROR(P5*'Summary'!$B$5/(1+'Summary'!$B$5),0)) | S5: =IF(A5="","",IF(P5<='Summary'!$B$4,"Within budget","Over budget"))
A6: Leg 3 | B6: 46124 | C6: Liam | D6: Melbourne | E6: Adelaide | F6: South Australia | G6: 870 | H6: Hyundai Tucson | I6: Petrol | J6: =IF(H6="","",IFERROR(VLOOKUP(H6,'Instructions'!$H$4:$I$7,2,FALSE),"")) | K6: 2.05 | L6: =IF(A6="","",IFERROR(G6*J6/100,0)) | M6: =IF(A6="","",IFERROR(L6*K6,0)) | N6: 22 | O6: 125 | P6: =IF(A6="","",SUM(M6:O6)) | Q6: =IF(A6="","",IFERROR(P6/G6,0)) | R6: =IF(A6="","",IFERROR(P6*'Summary'!$B$5/(1+'Summary'!$B$5),0)) | S6: =IF(A6="","",IF(P6<='Summary'!$B$4,"Within budget","Over budget"))
A7: Leg 4 | B7: 46125 | C7: Charlotte | D7: Adelaide | E7: Mount Gambier | F7: South Australia | G7: 435 | H7: Subaru Outback | I7: Petrol | J7: =IF(H7="","",IFERROR(VLOOKUP(H7,'Instructions'!$H$4:$I$7,2,FALSE),"")) | K7: 2.12 | L7: =IF(A7="","",IFERROR(G7*J7/100,0)) | M7: =IF(A7="","",IFERROR(L7*K7,0)) | N7: 0 | O7: 12 | P7: =IF(A7="","",SUM(M7:O7)) | Q7: =IF(A7="","",IFERROR(P7/G7,0)) | R7: =IF(A7="","",IFERROR(P7*'Summary'!$B$5/(1+'Summary'!$B$5),0)) | S7: =IF(A7="","",IF(P7<='Summary'!$B$4,"Within budget","Over budget"))
A8: Leg 5 | B8: 46126 | C8: Noah | D8: Mount Gambier | E8: Warrnambool | F8: Victoria | G8: 190 | H8: Toyota RAV4 | I8: Petrol | J8: =IF(H8="","",IFERROR(VLOOKUP(H8,'Instructions'!$H$4:$I$7,2,FALSE),"")) | K8: 2.02 | L8: =IF(A8="","",IFERROR(G8*J8/100,0)) | M8: =IF(A8="","",IFERROR(L8*K8,0)) | N8: 0 | O8: 8 | P8: =IF(A8="","",SUM(M8:O8)) | Q8: =IF(A8="","",IFERROR(P8/G8,0)) | R8: =IF(A8="","",IFERROR(P8*'Summary'!$B$5/(1+'Summary'!$B$5),0)) | S8: =IF(A8="","",IF(P8<='Summary'!$B$4,"Within budget","Over budget"))
A9: Leg 6 | B9: 46127 | C9: Mia | D9: Warrnambool | E9: Geelong | F9: Victoria | G9: 160 | H9: Mazda CX-5 | I9: Diesel | J9: =IF(H9="","",IFERROR(VLOOKUP(H9,'Instructions'!$H$4:$I$7,2,FALSE),"")) | K9: 1.88 | L9: =IF(A9="","",IFERROR(G9*J9/100,0)) | M9: =IF(A9="","",IFERROR(L9*K9,0)) | N9: 0 | O9: 10 | P9: =IF(A9="","",SUM(M9:O9)) | Q9: =IF(A9="","",IFERROR(P9/G9,0)) | R9: =IF(A9="","",IFERROR(P9*'Summary'!$B$5/(1+'Summary'!$B$5),0)) | S9: =IF(A9="","",IF(P9<='Summary'!$B$4,"Within budget","Over budget"))
A10: Leg 7 | B10: 46128 | C10: Ethan | D10: Geelong | E10: Melbourne | F10: Victoria | G10: 75 | H10: Hyundai Tucson | I10: Petrol | J10: =IF(H10="","",IFERROR(VLOOKUP(H10,'Instructions'!$H$4:$I$7,2,FALSE),"")) | K10: 2.15 | L10: =IF(A10="","",IFERROR(G10*J10/100,0)) | M10: =IF(A10="","",IFERROR(L10*K10,0)) | N10: 12.1 | O10: 25 | P10: =IF(A10="","",SUM(M10:O10)) | Q10: =IF(A10="","",IFERROR(P10/G10,0)) | R10: =IF(A10="","",IFERROR(P10*'Summary'!$B$5/(1+'Summary'!$B$5),0)) | S10: =IF(A10="","",IF(P10<='Summary'!$B$4,"Within budget","Over budget"))
A11: Leg 8 | B11: 46129 | C11: Ruby | D11: Melbourne | E11: Wagga Wagga | F11: New South Wales | G11: 455 | H11: Subaru Outback | I11: Petrol | J11: =IF(H11="","",IFERROR(VLOOKUP(H11,'Instructions'!$H$4:$I$7,2,FALSE),"")) | K11: 2.09 | L11: =IF(A11="","",IFERROR(G11*J11/100,0)) | M11: =IF(A11="","",IFERROR(L11*K11,0)) | N11: 14.7 | O11: 12 | P11: =IF(A11="","",SUM(M11:O11)) | Q11: =IF(A11="","",IFERROR(P11/G11,0)) | R11: =IF(A11="","",IFERROR(P11*'Summary'!$B$5/(1+'Summary'!$B$5),0)) | S11: =IF(A11="","",IF(P11<='Summary'!$B$4,"Within budget","Over budget"))
A12: Leg 9 | B12: 46130 | C12: Cooper | D12: Wagga Wagga | E12: Sydney | F12: New South Wales | G12: 460 | H12: Toyota RAV4 | I12: Petrol | J12: =IF(H12="","",IFERROR(VLOOKUP(H12,'Instructions'!$H$4:$I$7,2,FALSE),"")) | K12: 2.11 | L12: =IF(A12="","",IFERROR(G12*J12/100,0)) | M12: =IF(A12="","",IFERROR(L12*K12,0)) | N12: 24.8 | O12: 16 | P12: =IF(A12="","",SUM(M12:O12)) | Q12: =IF(A12="","",IFERROR(P12/G12,0)) | R12: =IF(A12="","",IFERROR(P12*'Summary'!$B$5/(1+'Summary'!$B$5),0)) | S12: =IF(A12="","",IF(P12<='Summary'!$B$4,"Within budget","Over budget"))
J13: =IF(H13="","",IFERROR(VLOOKUP(H13,'Instructions'!$H$4:$I$7,2,FALSE),"")) | L13: =IF(A13="","",IFERROR(G13*J13/100,0)) | M13: =IF(A13="","",IFERROR(L13*K13,0)) | P13: =IF(A13="","",SUM(M13:O13)) | Q13: =IF(A13="","",IFERROR(P13/G13,0)) | R13: =IF(A13="","",IFERROR(P13*'Summary'!$B$5/(1+'Summary'!$B$5),0)) | S13: =IF(A13="","",IF(P13<='Summary'!$B$4,"Within budget","Over budget"))
J14: =IF(H14="","",IFERROR(VLOOKUP(H14,'Instructions'!$H$4:$I$7,2,FALSE),"")) | L14: =IF(A14="","",IFERROR(G14*J14/100,0)) | M14: =IF(A14="","",IFERROR(L14*K14,0)) | P14: =IF(A14="","",SUM(M14:O14)) | Q14: =IF(A14="","",IFERROR(P14/G14,0)) | R14: =IF(A14="","",IFERROR(P14*'Summary'!$B$5/(1+'Summary'!$B$5),0)) | S14: =IF(A14="","",IF(P14<='Summary'!$B$4,"Within budget","Over budget"))
J15: =IF(H15="","",IFERROR(VLOOKUP(H15,'Instructions'!$H$4:$I$7,2,FALSE),"")) | L15: =IF(A15="","",IFERROR(G15*J15/100,0)) | M15: =IF(A15="","",IFERROR(L15*K15,0)) | P15: =IF(A15="","",SUM(M15:O15)) | Q15: =IF(A15="","",IFERROR(P15/G15,0)) | R15: =IF(A15="","",IFERROR(P15*'Summary'!$B$5/(1+'Summary'!$B$5),0)) | S15: =IF(A15="","",IF(P15<='Summary'!$B$4,"Within budget","Over budget"))
J16: =IF(H16="","",IFERROR(VLOOKUP(H16,'Instructions'!$H$4:$I$7,2,FALSE),"")) | L16: =IF(A16="","",IFERROR(G16*J16/100,0)) | M16: =IF(A16="","",IFERROR(L16*K16,0)) | P16: =IF(A16="","",SUM(M16:O16)) | Q16: =IF(A16="","",IFERROR(P16/G16,0)) | R16: =IF(A16="","",IFERROR(P16*'Summary'!$B$5/(1+'Summary'!$B$5),0)) | S16: =IF(A16="","",IF(P16<='Summary'!$B$4,"Within budget","Over budget"))
J17: =IF(H17="","",IFERROR(VLOOKUP(H17,'Instructions'!$H$4:$I$7,2,FALSE),"")) | L17: =IF(A17="","",IFERROR(G17*J17/100,0)) | M17: =IF(A17="","",IFERROR(L17*K17,0)) | P17: =IF(A17="","",SUM(M17:O17)) | Q17: =IF(A17="","",IFERROR(P17/G17,0)) | R17: =IF(A17="","",IFERROR(P17*'Summary'!$B$5/(1+'Summary'!$B$5),0)) | S17: =IF(A17="","",IF(P17<='Summary'!$B$4,"Within budget","Over budget"))
J18: =IF(H18="","",IFERROR(VLOOKUP(H18,'Instructions'!$H$4:$I$7,2,FALSE),"")) | L18: =IF(A18="","",IFERROR(G18*J18/100,0)) | M18: =IF(A18="","",IFERROR(L18*K18,0)) | P18: =IF(A18="","",SUM(M18:O18)) | Q18: =IF(A18="","",IFERROR(P18/G18,0)) | R18: =IF(A18="","",IFERROR(P18*'Summary'!$B$5/(1+'Summary'!$B$5),0)) | S18: =IF(A18="","",IF(P18<='Summary'!$B$4,"Within budget","Over budget"))
J19: =IF(H19="","",IFERROR(VLOOKUP(H19,'Instructions'!$H$4:$I$7,2,FALSE),"")) | L19: =IF(A19="","",IFERROR(G19*J19/100,0)) | M19: =IF(A19="","",IFERROR(L19*K19,0)) | P19: =IF(A19="","",SUM(M19:O19)) | Q19: =IF(A19="","",IFERROR(P19/G19,0)) | R19: =IF(A19="","",IFERROR(P19*'Summary'!$B$5/(1+'Summary'!$B$5),0)) | S19: =IF(A19="","",IF(P19<='Summary'!$B$4,"Within budget","Over budget"))
J20: =IF(H20="","",IFERROR(VLOOKUP(H20,'Instructions'!$H$4:$I$7,2,FALSE),"")) | L20: =IF(A20="","",IFERROR(G20*J20/100,0)) | M20: =IF(A20="","",IFERROR(L20*K20,0)) | P20: =IF(A20="","",SUM(M20:O20)) | Q20: =IF(A20="","",IFERROR(P20/G20,0)) | R20: =IF(A20="","",IFERROR(P20*'Summary'!$B$5/(1+'Summary'!$B$5),0)) | S20: =IF(A20="","",IF(P20<='Summary'!$B$4,"Within budget","Over budget"))
J21: =IF(H21="","",IFERROR(VLOOKUP(H21,'Instructions'!$H$4:$I$7,2,FALSE),"")) | L21: =IF(A21="","",IFERROR(G21*J21/100,0)) | M21: =IF(A21="","",IFERROR(L21*K21,0)) | P21: =IF(A21="","",SUM(M21:O21)) | Q21: =IF(A21="","",IFERROR(P21/G21,0)) | R21: =IF(A21="","",IFERROR(P21*'Summary'!$B$5/(1+'Summary'!$B$5),0)) | S21: =IF(A21="","",IF(P21<='Summary'!$B$4,"Within budget","Over budget"))
J22: =IF(H22="","",IFERROR(VLOOKUP(H22,'Instructions'!$H$4:$I$7,2,FALSE),"")) | L22: =IF(A22="","",IFERROR(G22*J22/100,0)) | M22: =IF(A22="","",IFERROR(L22*K22,0)) | P22: =IF(A22="","",SUM(M22:O22)) | Q22: =IF(A22="","",IFERROR(P22/G22,0)) | R22: =IF(A22="","",IFERROR(P22*'Summary'!$B$5/(1+'Summary'!$B$5),0)) | S22: =IF(A22="","",IF(P22<='Summary'!$B$4,"Within budget","Over budget"))
J23: =IF(H23="","",IFERROR(VLOOKUP(H23,'Instructions'!$H$4:$I$7,2,FALSE),"")) | L23: =IF(A23="","",IFERROR(G23*J23/100,0)) | M23: =IF(A23="","",IFERROR(L23*K23,0)) | P23: =IF(A23="","",SUM(M23:O23)) | Q23: =IF(A23="","",IFERROR(P23/G23,0)) | R23: =IF(A23="","",IFERROR(P23*'Summary'!$B$5/(1+'Summary'!$B$5),0)) | S23: =IF(A23="","",IF(P23<='Summary'!$B$4,"Within budget","Over budget"))
J24: =IF(H24="","",IFERROR(VLOOKUP(H24,'Instructions'!$H$4:$I$7,2,FALSE),"")) | L24: =IF(A24="","",IFERROR(G24*J24/100,0)) | M24: =IF(A24="","",IFERROR(L24*K24,0)) | P24: =IF(A24="","",SUM(M24:O24)) | Q24: =IF(A24="","",IFERROR(P24/G24,0)) | R24: =IF(A24="","",IFERROR(P24*'Summary'!$B$5/(1+'Summary'!$B$5),0)) | S24: =IF(A24="","",IF(P24<='Summary'!$B$4,"Within budget","Over budget"))
... J103: =IF(H103="","",IFERROR(VLOOKUP(H103,'Instructions'!$H$4:$I$7,2,FALSE),"")) | L103: =IF(A103="","",IFERROR(G103*J103/100,0)) | M103: =IF(A103="","",IFERROR(L103*K103,0)) | P103: =IF(A103="","",SUM(M103:O103)) | Q103: =IF(A103="","",IFERROR(P103/G103,0)) | R103: =IF(A103="","",IFERROR(P103*'Summary'!$B$5/(1+'Summary'!$B$5),0)) | S103: =IF(A103="","",IF(P103<='Summary'!$B$4,"Within budget","Over budget"))
A104: Totals / averages | G104: =SUM($G$4:$G$103) | J104: =IFERROR(AVERAGE($J$4:$J$103),0) | K104: =IFERROR(AVERAGE($K$4:$K$103),0) | L104: =SUM($L$4:$L$103) | M104: =SUM($M$4:$M$103) | N104: =SUM($N$4:$N$103) | O104: =SUM($O$4:$O$103) | P104: =SUM($P$4:$P$103) | Q104: =IFERROR(AVERAGE($Q$4:$Q$103),0) | R104: =SUM($R$4:$R$103) | S104: See Summary

Sheet Summary
A1: Road Trip Cost Summary Dashboard
A3: Editable assumptions | B3: Value
A4: Budget per leg | B4: 250
A5: GST rate | B5: 0.1
A6: Trip start date | B6: 46122
A7: Trip end date | B7: 46130
A9: Trip metrics | B9: Value
A10: Total distance (km) | B10: =SUM('Trip Costs'!$G$4:$G$103) | D10: Cost breakdown | E10: Amount
A11: Total estimated litres | B11: =SUM('Trip Costs'!$L$4:$L$103) | D11: Fuel | E11: =$B$12
A12: Total fuel cost | B12: =SUM('Trip Costs'!$M$4:$M$103) | D12: Tolls | E12: =$B$13
A13: Total tolls | B13: =SUM('Trip Costs'!$N$4:$N$103) | D13: Parking/Other | E13: =$B$14
A14: Total parking/other costs | B14: =SUM('Trip Costs'!$O$4:$O$103)
A15: Total trip cost | B15: =SUM('Trip Costs'!$P$4:$P$103)
A16: Average cost per kilometre | B16: =IFERROR(AVERAGE('Trip Costs'!$Q$4:$Q$103),0)
A17: Average fuel price | B17: =IFERROR(AVERAGE('Trip Costs'!$K$4:$K$103),0)
A18: Total GST component | B18: =SUM('Trip Costs'!$R$4:$R$103)
A19: Number of legs over budget | B19: =COUNTIF('Trip Costs'!$S$4:$S$103,"Over budget")
A20: Fuel cost as % of total trip cost | B20: =IFERROR($B$12/$B$15,0)

Sheet Instructions
A1: Instructions and Vehicle Reference
A3: How to use this workbook | H3: Vehicle | I3: Average Fuel Efficiency (L/100 km)
A4: 1. Enter or update trip legs in the pale yellow input cells on the Trip Costs sheet. | H4: Toyota RAV4 | I4: 7.1
A5: 2. Distances must be entered in kilometres. | H5: Mazda CX-5 | I5: 6.6
A6: 3. Fuel efficiency is calculated from the vehicle lookup table. | H6: Hyundai Tucson | I6: 7.3
A7: 4. Update fuel prices when planning a future trip. | H7: Subaru Outback | I7: 8.1
A8: 5. Toll and parking costs should include GST where applicable.
A9: 6. Review the dashboard before travelling.
A10: 7. Keep receipts for fuel and other travel costs if claiming business deductions. | H10: Fuel Type | I10: Reference
A11: 8. GST and deduction treatment should be confirmed with a registered tax agent and the ATO. | H11: Petrol | I11: Unleaded petrol
H12: Diesel | I12: Automotive diesel
A13: Vehicle efficiencies are planning estimates only. Update the reference values to match the vehicle being used.
